Unix NetHack Version 5.0.0-0 post-release - last build Jun 10 2026 00:39:30 (3ee93aec679c4c4259841fe613dc97188e26a321,branch:main).

Game began 2026-06-26 22:13:09, ended 2026-06-26 22:53:10.

IanCurtis, chaotic male elven Wizard

        --------------
       --............|
       |...)...----.^|
       --........|----
        ----.....----
           |........--
        ----......^...---
   ---  |.|..... ....)..--
  |..-- |...)...    .....-- .--
   -..---<.......    .........|      -----
   |-)).)........       ....^.|  -----...|
  --.)...........        .....|  |.......|
  |...........)..          ..------.....--
  |.).. ----....           .%%..........|
  ---).....)...      o      -)------....--
    ----------        ooo%)##o..))|----..|
                           ##---..|   |..|
                               ----   ----
IanCurtis the Thaumaturge  St:12 Dx:16 Co:13 In:15 Wi:12 Ch:8  Chaotic
Dlvl:6  $:352 HP:0(28) Pw:12(76) AC:8  Xp:6 T:2629 

Latest messages:
 The hill orc is hit.
 In what direction? k
 The spell hits the Uruk-hai!
 The Uruk-hai wields a crude short sword!
 In what direction? k
 The spell hits the Uruk-hai!
 You kill the Uruk-hai!
 The Uruk-hai wields a crude short sword!
 In what direction? h
 The spell hits it!
 The spell hits the hill orc!
 You kill the hill orc!
 The hill orc hits!
 You hit the hill orc!
 The hill orc just misses!
 The hill orc throws a crude dagger!
 The crude dagger misses the hill orc.
 You are hit by a crude dagger.
 The hill orc throws a crude dagger!
 It is missed.
 The hill orc is hit.
 In what direction? h
 The spell hits the hill orc!
 You kill the hill orc!
 The spell hits the hill orc!
 You kill the hill orc!
 The spell hits it!
 You kill it!
 The hill orc throws a crude dagger!
 The hill orc is hit.
 In what direction? h
 The spell hits the hill orc!
 You kill the hill orc!
 The spell hits the hill orc!
 The hill orc picks up an iron skull cap.
 You hit the hill orc.
 The hill orc hits!
 You hit the hill orc!
 The hill orc hits!
 In what direction? h
 The spell misses the hill orc.
 The spell hits the hill orc!
 The spell hits the hill orc!
 The hill orc wields a crude dagger!
 The hill orc hits!
 Are you sure you want to pray? [yes|no] yes
 You begin praying to Anhur.
 The hill orc hits!
 You die...
 Do you want your possessions identified? [ynq] (y) q

Inventory:
 Coins    ('$')
  $ - 352 gold pieces
 Weapons  (')')
  S - 12 blessed poisoned +1 arrows
  W - 6 poisoned corroded +0 orcish arrows
  G - a blessed +0 dagger
  x - a +0 dagger
  J - the +0 Sting
  a - a blessed +1 quarterstaff (weapon in hands)
 Armor    ('[')
  y - an uncursed +0 pair of jumping boots named jumping (being worn)
  b - an uncursed +0 cloak of magic resistance (being worn)
 Comestibles  ('%')
  z - an uncursed food ration
  V - an uncursed fortune cookie
  w - an uncursed pancake
  K - an uncursed tripe ration
  p - an uncursed lichen corpse
 Scrolls  ('?')
  j - an uncursed scroll of blank paper
  U - an uncursed scroll of create monster
  A - an uncursed scroll of destroy armor
  o - an uncursed scroll of gold detection
  N - a blessed scroll of identify
  h - 2 uncursed scrolls of identify
  t - an uncursed scroll of light
  B - a blessed scroll of remove curse
  i - an uncursed scroll of teleportation
 Potions  ('!')
  q - a blessed potion of enlightenment
  R - an uncursed potion of extra healing
  T - a blessed potion of gain ability
  f - 2 uncursed potions of gain ability
  v - 2 uncursed potions of monster detection
  r - an uncursed potion of object detection
  g - an uncursed potion of see invisible
 Rings    ('=')
  s - an uncursed ring of hunger
  P - an uncursed ring of invisibility (on left hand)
  e - an uncursed ring of slow digestion (on right hand)
 Wands    ('/')
  X - a wand of magic missile (0:5)
  c - a wand of make invisible (0:8)
  D - a wand of secret door detection (0:14)
  Q - a wand of striking (0:6)
  H - a wand of striking (0:4)
  M - a wand of teleportation (0:3)
 Tools    ('(')
  n - an uncursed leather drum
  m - a magic marker (0:22)
  d - a +0 pick-axe
  L - an uncursed tallow candle
  I - an uncursed towel
  O - an uncursed partly used wax candle

IanCurtis the Wizard's attributes:

Background:
 You were a Thaumaturge, a level 6 male elven Wizard.
 You were chaotic, on a mission for Anhur
 who was opposed by Ptah (lawful) and Thoth (neutral).
 You were right-handed.
 You were in the Gnomish Mines, on level 6.
 You entered the dungeon 2629 turns ago.
 It was nighttime.
 You had 469 experience points, 171 more were needed to attain level 7.

Basics:
 You had 0 out of 28 hit points.
 You had 12 out of 76 energy points (spell power).
 Your armor class was 8.
 Your wallet contained 352 zorkmids.
 Autopickup was off.

Final Characteristics:
 Your strength was 12 (peak:14, limit:18).
 Your dexterity was 16 (limit:18).
 Your constitution was 13 (limit:16).
 Your intelligence was 15 (limit:20).
 Your wisdom was 12 (limit:20).
 Your charisma was 8 (limit:18).

Final Status:
 You weren't hungry.
 You were unencumbered.
 You were wielding a quarterstaff.
 You had basic skill with quarterstaff.

Final Attributes:
 You were piously aligned.
 You were magic-protected.
 You were sleep resistant.
 You had infravision.
 You were invisible.
 You could jump.
 You had slower digestion.
 You were warded.
 You were unlucky.
 You are dead.

Miscellaneous:
 You didn't encounter any bones levels.
 Total elapsed playing time was 37 minutes and 46 seconds.

Major events:
 Turn
    1: IanCurtis the chaotic male elven Wizard entered the dungeon
  670: found Sunsword in a shop
 1156: attained the rank of Conjurer (level 3)
 1265: entered the Gnomish Mines
 1724: chose an elven dagger to be named "Sting"
 2338: attained the rank of Thaumaturge (level 6)
 2629: killed by a hill orc, while praying

Spells:
 Name                 Level Category     Fail Retention
 force bolt             1   attack         0%   81%-90%
 remove curse           3   clerical      96%  76%-100%

Skills:
 Fighting Skills
   bare handed combat [Unskilled]
   riding             [Unskilled]
 Weapon Skills
   dagger             [Unskilled]
   knife              [Unskilled]
   axe                [Unskilled]
   short sword        [Unskilled]
   club               [Unskilled]
   mace               [Unskilled]
   quarterstaff       [Basic]
   polearms           [Unskilled]
   spear              [Unskilled]
   trident            [Unskilled]
   sling              [Unskilled]
   dart               [Unskilled]
   shuriken           [Unskilled]
 Spellcasting Skills
   attack spells      [Basic]
   healing spells     [Unskilled]
   divination spells  [Unskilled]
   enchantment spells [Basic]
   clerical spells    [Unskilled]
   escape spells      [Unskilled]
   matter spells      [Unskilled]

Voluntary challenges:
 Character rerolling was not enabled.
 You never genocided any monsters.
 You never polymorphed an object.
 You never changed form.
 You used no wishes.
Achievements:
 You entered a shop.
 You attained the rank of Conjurer.
 You entered the Gnomish Mines.
 You attained the rank of Thaumaturge.

 The Dungeons of Doom: levels 1 to 4
    Level 1:
    Level 2:
       A weapon shop, many fountains, a sink.
    Level 3:
       Stairs down to The Gnomish Mines.
    Level 4:
 The Gnomish Mines: levels 4 to 6
    Level 4:
    Level 5:
    Level 6: <- You were here.
       Final resting place for
          you, killed by a hill orc, while praying.


Vanquished creatures:
  a housecat
  a wood nymph
  4 Uruk-hai
  8 gnome leaders
  a gray ooze
  a floating eye
  6 dwarves
  a kobold leader
  4 hill orcs
 an iguana
  2 coyotes
  3 hobbits
  a hobgoblin
  2 giant rats
  a cave spider
  a brown mold
  a red mold
 22 gnomes
  6 garter snakes
  a gnome zombie
  7 jackals
  a fox
  a goblin
  3 sewer rats
  7 grid bugs
  6 lichens
  2 kobold zombies
  7 newts
102 creatures vanquished.

No species were genocided or became extinct.

Game over:
                       ----------
                      /          \
                     /    REST    \
                    /      IN      \
                   /     PEACE      \
                  /                  \
                  |    IanCurtis     |
                  |      352 Au      |
                  | killed by a hill |
                  |       orc        |
                  |                  |
                  |                  |
                  |       2026       |
                 *|     *  *  *      | *
        _________)/\\_//(\/(/\)/\//\/|_)_______

Goodbye IanCurtis the Wizard...

You died in The Gnomish Mines on dungeon level 6 with 2443 points,
and 352 pieces of gold, after 2629 moves.
You were level 6 with a maximum of 28 hit points when you died.

